 Dungeon Sprint DCSS version 0.23-a0-451-g1044d4c (webtiles) character file.

35055 Dfrag the Warrior (level 13, -2/146 HPs)
             Began as a Naga Fighter on Nov 23, 2018.
             Was the Champion of Makhleb.
             Slain by a frost giant
             ... wielding a +2 battleaxe of freezing
              (12 damage)
             ... in the Dungeon (Sprint IX: "|||||||||||||||||||||||||||||").
             The game lasted 00:09:26 (4344 turns).

Dfrag the Warrior (Naga Fighter)                    Turns: 4344, Time: 00:09:26

Health: -2/146     AC: 29    Str: 21    XL:     13   Next: 81%
Magic:  13/13      EV:  9    Int:  7    God:    Makhleb [******]
Gold:   1327       SH:  0    Dex: 13    Spells: 12/12 levels left

rFire    x . .     SeeInvis +   A - +8 triple sword (holy)
rCold    + + .     Gourm    .   (shield currently unavailable)
rNeg     . . .     Faith    .   s - +1 ice dragon scales
rPois    +         Spirit   .   D - +1 helmet
rElec    .         Reflect  .   d - +0 cloak
rCorr    .         Harm     .   g - +0 pair of gloves
MR       +....     Clarity  +   h - +0 naga barding Stlth ..........NoTele +
                                (no amulet)
HPRegen  0.34/turn              l - +2 ring of evasion
MPRegen  0.13/turn              t - +2 ring of evasion

@: very slow
A: large, see invisible, clarity, deformed body, dopey 1, poison resistance,
slowness 2, slow metabolism 1, spit poison 1, constrict 1, AC +4
a: Spit Poison, Minor Destruction, Lesser Servant of Makhleb, Major Destruction,
Greater Servant of Makhleb, Renounce Religion


You were in the Dungeon.
You worshipped Makhleb.
Makhleb was exalted by your worship.
You were not hungry.

You visited 1 branch You collected 1911 gold pieces.
You spent 584 gold pieces at shops.

Inventory:

Hand Weapons
 a - a +0 flail
 q - a +2 morningstar of crushing
 A - a +8 triple sword of holy wrath (weapon)
 C - the +7 war axe of Vuumu {holy, rC- Int+6}
   (You found it in the Dungeon)

   It has been blessed by the Shining One to cause great damage to the undead
   and demons.
   It affects your intelligence (+6).
   It makes you vulnerable to cold.
Armour
 b - a +3 scale mail
 d - a +0 cloak (worn)
 g - a +0 pair of gloves (worn)
 h - a +0 naga barding (worn)
 r - a +0 helmet of intelligence
 s - +1 ice dragon scales (worn)
 D - a +1 helmet (worn)
Jewellery
 l - a +2 ring of evasion (left hand)
 t - a +2 ring of evasion (right hand)
Wands
 p - a wand of iceblast (10)
Scrolls
 k - 3 scrolls of blinking
 n - 3 scrolls of remove curse
 o - 2 scrolls of amnesia
 u - 2 scrolls of identify
 v - 3 scrolls of fog
 x - 2 scrolls of fear
 y - a scroll of magic mapping
Potions
 e - 6 potions of curing
 i - 4 potions of magic
 m - a potion of agility
 z - 2 potions of heal wounds
 B - 3 potions of haste
 F - 2 potions of brilliance
Comestibles
 f - 10 rations
 j - 2 chunks of flesh


   Skills:
 + Level 17.8 Fighting
 * Level 0.0 Long Blades
 - Level 17.7 Maces & Flails
 + Level 15.4 Armour
   Level 15.4 Shields


You had 12 spell levels left.
You didn't know any spells.
Your spell library was empty.

Dungeon Overview and Level Annotations

Branches:
Dungeon (1/1)

Altars:
Cheibriados
Dithmenos
Elyvilon
Fedhas
Gozag
Hepliaklqana
Kikubaaqudgha
Makhleb
Nemelex Xobeh
Okawaru
Qazlal
Ru
Sif Muna
Trog
Uskayaw
Vehumet
Wu Jian
Xom
Yredelemnul
Zin
The Shining One
Beogh
Jiyva
Lugonu

Shops:
D :?!:


Innate Abilities, Weirdness & Mutations

You cannot wear boots.
Your serpentine skin is tough. (AC +4)
You have supernaturally acute eyesight. (SInv)
Armour fits poorly on your strangely shaped body.
Your system is resistant to poisons. (rPois)
You cover ground very slowly.
You have a slow metabolism.
You can spit poison.
You can use your snake-like lower body to constrict enemies.
You possess an exceptional clarity of mind.
You are dopey. (Int -2)


Message History

The frost giant is severely wounded.
The deep troll changes into a cyclops!
The frost giant casts a spell at you. The bolt of cold misses you.
The frost giant hits you but does no damage.
The vampire mage mumbles some strange words.
The vampire mage flickers and vanishes for a moment.
You slash the frost giant!
The frost giant is severely wounded.
The cyclops changes into an elephant!
The frost giant points at you and mumbles some strange words.
The bolt of cold hits you! You resist.
* * * LOW HITPOINT WARNING * * *
The frost giant casts a spell at you. The bolt of cold hits you! You resist.
* * * LOW HITPOINT WARNING * * *
You slash the frost giant!
The frost giant is almost dead.
The frost giant hits you with a +2 battleaxe of freezing!
You die...

.▓.▓.▓.▓'▓.▓.▓.▓.▓,*,*,*,*,*,*,*,
.▓.▓.▓.▓=▓.▓.▓.▓.▓,*,*,*,*,*+*,*,
.▓.▓.▓.▓=▓.▓.▓.▓.▓,*,*,*,*,*,*,*,
.▓.▓.▓.▓=▓.▓.▓.▓.▓,*+*,*,*,*,*,*,
(▓.▓)▓.▓=▓.▓.▓.▓.▓,*,*,*,*,*,*,*,
[▓.▓)▓.▓.▓.▓.▓.▓.▓,*,*,*,*,*,*,*,
.▓.▓(▓.▓)▓.▓'▓.▓.▓,*,*,*,*,*,*,*,
.▓.▓)▓.▓)▓.▓)▓.▓.▓,*,*,*,*,*,*,*,
.▓.▓)▓.▓)▓.▓)▓.▓@▓,*,*,*,*,*,*,*,
.▓.▓.▓.▓)▓.▓)▓.▓C▓,*,*,*,*,*,*,*,
.▓.▓.▓.▓)▓.▓)▓.▓C▓,*,*,*,*,*,*,*,
.▓.▓.▓.▓)▓.▓.▓.▓J▓,*,*,*,*,*,*,*,
†▓.▓)▓.▓.▓.▓.▓.▓Q▓,*,*,*+*,*,*,*,
÷▓.▓.▓.▓)▓.▓.▓.▓J▓,*,*,*,*,*,*,*,
†▓.▓.▓.▓.▓.▓.▓.▓V▓,*,*,*,*,*,*,*,
.▓.▓.▓.▓[▓)▓.▓.▓Y▓,*,*,*,*,*,*,*,
.▓.▓.▓.▓[▓.▓'▓.▓,*,*,*,*,*,*,*,*,


You could see a frost giant, a stone giant, an elephant shaped shifter, 2 slime
creatures, a tengu warrior and a vampire mage (invisible).

Vanquished Creatures
  Rupert (D)
  Frances (D)
  A ghost moth (D)
  A stone giant (D)
  An entropy weaver (D)
  A spark wasp (D)
  A merfolk javelineer (D)
  A merfolk impaler (D)
  An ogre mage (D)
  A hydra (D)
  An anaconda (D)
  A death knight (D)
  An alligator (D)
  A tengu warrior (D)
  A satyr (D)
  An orc high priest (D)
  A shock serpent (D)
  A glowing orange brain (D)
  A naga ritualist (D)
  2 swamp dragons (D)
  2 lindwurms (D)
  A harpy (D)
  3 orc knights (D)
  6 orc sorcerers (D)
  An orb spider (D)
  A deep elf mage (D)
  An ugly thing (D)
  A cyclops (D)
  Maurice (D)
  2 black mambas (D)
  A manticore (D)
  A merfolk siren (D)
  2 naga magi (D)
  A gargoyle (D)
  4 spiny frogs (D)
  A yaktaur (D)
  2 komodo dragons (D)
  A merfolk (D)
  A troll (D)
  2 jumping spiders (D)
  A wind drake (D)
  2 tyrant leeches (D)
  5 hornets (D)
  A slime creature (D)
  A snapping turtle (D)
  A dream sheep (D)
  2 spriggans (D)
  A tarantella (D)
  2 yaks (D)
  A vampire mosquito (D)
  A hungry ghost (D)
  A basilisk (D)
  An insubstantial wisp (D)
  3 nagas (D)
  A water moccasin (D)
  9 orc warriors (D)
  A porcupine (D)
  A phantom (D)
  A boggart (D)
  A centaur (D)
  3 crocodiles (D)
  6 bullfrogs (D)
  A scorpion (D)
  A killer bee (D)
  A howler monkey (D)
  A jelly (D)
  3 orc priests (D)
  9 orc wizards (D)
  An adder (D)
  3 shadow imps (D)
  4 worms (D)
  8 orcs (D)
  A giant cockroach (D)
  2 goblins (D)
  A hobgoblin (D)
  2 kobolds (D)
  A frilled lizard (D)
141 creatures vanquished.

Vanquished Creatures (others)
  A vampire (D)
1 creature vanquished.

Grand Total: 142 creatures vanquished

Notes
Turn   | Place    | Note
-------+----------+-------------------------------------------
     0 | D        | Dfrag the Naga Fighter began the quest for the Orb.
     0 | D        | Reached XP level 1. HP: 21/21 MP: 1/1
    22 | D        | Reached XP level 2. HP: 17/28 MP: 2/2
   145 | D        | Noticed a howler monkey
   168 | D        | Killed a howler monkey
   168 | D        | Reached XP level 3. HP: 26/37 MP: 3/3
   182 | D        | Reached XP level 4. HP: 23/45 MP: 4/4
   191 | D        | Found a roughly hewn altar of Beogh.
   191 | D        | Found a snail-covered altar of Cheibriados.
   191 | D        | Found a shadowy altar of Dithmenos.
   191 | D        | Found a white marble altar of Elyvilon.
   191 | D        | Found a blossoming altar of Fedhas.
   191 | D        | Found an opulent altar of Gozag.
   192 | D        | Found a hazy altar of Hepliaklqana.
   193 | D        | Found a viscous altar of Jiyva.
   194 | D        | Found an ancient bone altar of Kikubaaqudgha.
   195 | D        | Found a corrupted altar of Lugonu.
   196 | D        | Found a burning altar of Makhleb.
   197 | D        | Found a sparkling altar of Nemelex Xobeh.
   198 | D        | Found an iron altar of Okawaru.
   199 | D        | Found a stormy altar of Qazlal.
   200 | D        | Found a sacrificial altar of Ru.
   201 | D        | Found a deep blue altar of Sif Muna.
   202 | D        | Found a bloodstained altar of Trog.
   203 | D        | Found a hide-covered altar of Uskayaw.
   204 | D        | Became a worshipper of Makhleb the Destroyer
   205 | D        | Found a radiant altar of Vehumet.
   206 | D        | Found an ornate altar of the Wu Jian Council.
   321 | D        | Found a shimmering altar of Xom.
   322 | D        | Found a basalt altar of Yredelemnul.
   323 | D        | Found a glowing silver altar of Zin.
   324 | D        | Found a glowing golden altar of the Shining One.
   466 | D        | Noticed a bullfrog
   466 | D        | Noticed a gargoyle
   466 | D        | Noticed a phantom
   466 | D        | Noticed a bullfrog
   470 | D        | Killed a bullfrog
   470 | D        | Reached skill level 5 in Fighting
   470 | D        | Reached skill level 5 in Maces & Flails
   470 | D        | Reached XP level 5. HP: 54/54 MP: 5/5
   474 | D        | Killed a gargoyle
   474 | D        | Reached XP level 6. HP: 67/67 MP: 6/6
   479 | D        | Reached * piety under Makhleb
   479 | D        | Reached XP level 7. HP: 72/73 MP: 7/7
   493 | D        | Reached ** piety under Makhleb
   534 | D        | Noticed a troll
   534 | D        | Noticed a death knight
   550 | D        | Killed a troll
   550 | D        | Reached XP level 8. HP: 59/85 MP: 8/8
   558 | D        | Killed a death knight
   558 | D        | Reached skill level 10 in Fighting
   558 | D        | Reached skill level 10 in Maces & Flails
   559 | D        | Reached *** piety under Makhleb
   566 | D        | Reached XP level 9. HP: 75/94 MP: 9/9
   717 | D        | Gained mutation: You are dopey. (Int -2) [potion of
                  | mutation]
   717 | D        | Gained mutation: You possess an exceptional clarity of
                  | mind. [potion of mutation]
   733 | D        | Noticed a komodo dragon
   733 | D        | Noticed a komodo dragon
   737 | D        | Noticed a spiny frog
   748 | D        | Killed a komodo dragon
   748 | D        | Reached **** piety under Makhleb
   763 | D        | Killed a komodo dragon
   773 | D        | Killed a spiny frog
   773 | D        | Reached ***** piety under Makhleb
   933 | D        | Noticed a spiny frog
   933 | D        | Noticed a black mamba
   933 | D        | Noticed a spiny frog
   939 | D        | Killed a spiny frog
   939 | D        | Reached skill level 10 in Armour
   939 | D        | Reached skill level 10 in Shields
   939 | D        | Reached XP level 10. HP: 87/106 MP: 10/10
   946 | D        | Noticed a seven-headed hydra
   956 | D        | Killed a black mamba
   965 | D        | Killed a spiny frog
   977 | D        | Killed a seven-headed hydra
   977 | D        | Reached ****** piety under Makhleb
  1118 | D        | Noticed a lindwurm
  1118 | D        | Noticed a lindwurm
  1144 | D        | Killed a lindwurm
  1152 | D        | Killed a lindwurm
  1168 | D        | Reached XP level 11. HP: 44/117 MP: 11/11
  1624 | D        | Noticed an orc knight
  1624 | D        | Noticed an orc knight
  1636 | D        | Killed an orc knight
  1647 | D        | Killed an orc knight
  1655 | D        | Noticed an orc knight
  1655 | D        | Noticed an orc high priest
  1662 | D        | Noticed a soul eater
  1672 | D        | Noticed a soul eater
  1677 | D        | Killed an orc knight
  1691 | D        | Killed an orc high priest
  2044 | D        | Found Agefed Wuu's Book Emporium.
  2044 | D        | Noticed an orc sorcerer
  2044 | D        | Noticed an orc sorcerer
  2044 | D        | Noticed an orc sorcerer
  2046 | D        | Killed an orc sorcerer
  2049 | D        | Found Igudedig's Magic Scroll Shoppe.
  2058 | D        | Killed an orc sorcerer
  2059 | D        | Noticed an orc sorcerer
  2066 | D        | Found Ynaclaic's Distillery.
  2066 | D        | Noticed an orc sorcerer
  2068 | D        | Killed an orc sorcerer
  2069 | D        | Noticed an orc sorcerer
  2077 | D        | Killed an orc sorcerer
  2084 | D        | Killed an orc sorcerer
  2085 | D        | Found Ranotodd's Book Shoppe.
  2093 | D        | Killed an orc sorcerer
  2155 | D        | Bought 2 scrolls of magic mapping for 77 gold pieces
  2174 | D        | Bought a potion of heal wounds for 65 gold pieces
  2174 | D        | Bought a potion of might for 52 gold pieces
  2174 | D        | Bought a potion of haste for 130 gold pieces
  2174 | D        | Bought 2 potions of haste for 260 gold pieces
  2213 | D        | Noticed Maurice
  2231 | D        | Killed Maurice
  2303 | D        | Got the +7 war axe of Vuumu {holy, rC- Int+6}
  2409 | D        | Noticed an ogre mage
  2409 | D        | Noticed a cyclops
  2421 | D        | Noticed a deep elf mage
  2423 | D        | Killed an ogre mage
  2423 | D        | Reached XP level 12. HP: 129/129 MP: 12/12
  2457 | D        | Reached skill level 15 in Fighting
  2471 | D        | Reached skill level 15 in Maces & Flails
  2644 | D        | Noticed a tengu warrior
  2646 | D        | Noticed a stone giant
  2659 | D        | Killed a tengu warrior
  2683 | D        | Killed a stone giant
  3052 | D        | Noticed Frances
  3072 | D        | HP: 9/198 [smoke demon[Frances] (2)]
  3073 | D        | Killed Frances
  3459 | D        | Noticed a shock serpent
  3459 | D        | Noticed an anaconda
  3467 | D        | Killed a shock serpent
  3486 | D        | Killed an anaconda
  3822 | D        | Noticed an entropy weaver
  3831 | D        | Noticed a spark wasp
  3841 | D        | Noticed a ghost moth
  3849 | D        | Killed an entropy weaver
  3849 | D        | Gained mutation: You can use your snake-like lower body to
                  | constrict enemies. [Naga growth]
  3849 | D        | Reached XP level 13. HP: 126/142 MP: 0/13
  3862 | D        | Killed a spark wasp
  3878 | D        | Killed a ghost moth
  3998 | D        | Noticed a merfolk javelineer
  3998 | D        | Noticed a merfolk impaler
  4003 | D        | Killed a merfolk javelineer
  4022 | D        | Killed a merfolk impaler
  4098 | D        | Reached skill level 15 in Armour
  4098 | D        | Reached skill level 15 in Shields
  4227 | D        | Noticed Rupert
  4238 | D        | Killed Rupert
  4336 | D        | Noticed a frost giant
  4336 | D        | Noticed a stone giant
  4344 | D        | Slain by a frost giant

Vault maps used:
D:        linesprint

Skill      XL: |  1  2  3  4  5  6  7  8  9 10 11 12 13 |
---------------+----------------------------------------+-----
Fighting       | 4 5 7 9 10 11 13 14 16 17 | 17.8
Maces & Flails | 3 4 5 7 8 10 11 12 14 16 17 | 17.7
Armour         | 3 4 6 7 8 10 11 12 14 15 | 15.4
Shields        | 3 4 6 7 8 10 11 12 14 15 | 15.4

Action                   |  1- 3 |  4- 6 |  7- 9 | 10-12 | 13-15 || total
-------------------------+-------+-------+-------+-------+-------++-------
Melee: Flail             |    52 |       |       |       |       ||    52
       Morningstar       |       |    10 |    86 |   449 |   132 ||   677
       Constrict         |       |       |       |       |    22 ||    22
       Triple sword      |       |       |       |       |     7 ||     7
 Abil: Spit Poison       |     3 |     1 |     1 |     3 |       ||     8
  Use: Potion            |       |     1 |     5 |     9 |     1 ||    16
       Scroll            |       |       |       |     1 |     4 ||     5
 Stab: Invisible         |       |       |     5 |       |       ||     5
  Eat: Chunk             |       |       |       |     7 |       ||     7
       Ration            |       |       |       |       |     1 ||     1
Armor: Scale mail        |    18 |       |       |       |       ||    18
       Chain mail        |       |     3 |    15 |    54 |       ||    72
       Ice dragon scales |       |       |       |    90 |    80 ||   170
Dodge: Dodged            |    14 |     3 |    19 |    89 |    49 ||   174
Block: Shield            |    25 |     4 |    36 |   194 |    96 ||   355

Table legend:
 A = Non-vault XP
 B = Vault XP
 C = Vault XP percentage of total XP
 D = Non-vault monster count
 E = Vault monster count
 F = Vault count percentage of total count
                 A         B        C        D         E       F
            +---------+---------+-------+---------+---------+-------
      Total |     463 |   49616 |  99.1 |       2 |     140 |  98.6
            +---------+---------+-------+---------+---------+-------
          D |     463 |   49616 |  99.1 |       2 |     140 |  98.6
            +---------+---------+-------+---------+---------+-------
